 Dungeon Crawl Stone Soup version 0.31-a0-728-g01b46875f1 (webtiles) character file.

Game seed: 9713918282154662825

324 Newt the Skirmisher (level 6, -2/40 HPs)
             Began as a Kobold Hunter on Sept 11, 2023.
             Succumbed to Robin's poison
             ... on level 3 of the Dungeon.
             The game lasted 00:02:01 (2466 turns).

Newt the Skirmisher (Kobold Hunter)                 Turns: 2466, Time: 00:02:02

Health: -2/40      AC:  4    Str:  8    XL:     6   Next: 77%
Magic:  6/6        EV: 15    Int: 17    God:
Gold:   204        SH:  0    Dex: 26    Spells: 5/5 levels left

rFire   . . .        a - +0 shortbow
rCold   . . .        (shield currently unavailable)
rNeg    . . .        c - +0 leather armour
rPois   .            (no helmet)
rElec   .            f - +0 cloak
rCorr   .            (no gloves)
SInv    .            (no boots)
Will    .....        (no amulet)
Stlth   +++          k - +6 ring of intelligence
HPRegen 0.26/turn    e - +6 ring of dexterity
MPRegen 0.10/turn

%: no passive effects
@: lethally poisoned (-2 -> -17)
A: small, no large weapons, nightstalker 3
a: no special abilities


You were on level 3 of the Dungeon.
You visited 2 branches of the dungeon, and saw 5 of its levels.

You collected 230 gold pieces.
You spent 26 gold pieces at shops.

Inventory:

Hand Weapons
 a - a +0 shortbow (weapon)
Armour
 c - a +0 leather armour (worn)
 f - a +0 cloak (worn)
Jewellery
 e - a +6 ring of dexterity (right hand)
 k - a +6 ring of intelligence (left hand)
Scrolls
 b - a scroll of butterflies
 i - 2 scrolls of silence
 j - a scroll of identify
 l - a scroll of vulnerability {unknown}
Potions
 d - a potion of cancellation
 g - a potion of curing
 h - 2 potions of might


   Skills:
 - Level 5.0 Fighting
 + Level 8.3 Ranged Weapons
 - Level 2.4 Dodging
 - Level 1.3 Stealth


You had 5 spell levels left.
You didn't know any spells.
Your spell library contained the following spells:

 Spells                   Type           Power      Damage    Failure   Level
 Foxfire                  Conj/Fire      0%         2x1d4     34%         1
 Plasma Beam              Fire/Air       0%         2x1d10    100%        6
 Starburst                Conj/Fire      0%         6d3       100%        6


Dungeon Overview and Level Annotations

Branches:
Dungeon (4/15)             Temple (1/1) D:4

Altars:
Cheibriados
Elyvilon
Fedhas
Gozag
Kikubaaqudgha
Okawaru
Qazlal
Ru
Sif Muna
Uskayaw
Vehumet
Wu Jian
Xom
Yredelemnul
The Shining One

Shops:
D:2 ?

Annotations:
D:3 Robin


Innate Abilities, Weirdness & Mutations

You are small and have problems with some larger weapons.
You are completely attuned to the shadows.


Message History

The hobgoblin barely misses you.
You shoot an arrow. The arrow hits the hobgoblin.
You kill the hobgoblin!
You feel sick. Robin barely misses you. The goblin hits you with a +0 club.
Robin barely misses you. The goblin misses you.
You shoot an arrow. The arrow hits the goblin!
You kill the goblin!
You feel sick.
Robin roars a battlecry!
A goblin comes into view. It is wielding a +0 club.
You hear a shout!
You shoot an arrow. The arrow hits Robin.
Robin is moderately wounded.
You feel sick.
You shoot an arrow.
The arrow hits Robin but does no damage.
Robin is moderately wounded.
You feel sick.
Robin says, "Feeling lonely?"
Robin misses you.
You shoot an arrow.
The arrow hits Robin but does no damage.
Robin is moderately wounded.
You feel sick.
You are no longer poisoned.
Robin hits you from afar with a +5 trident of venom!
Robin roars a battlecry!
A hobgoblin comes into view.
Robin throws the goblin at you! The goblin closely misses you.
You see here a +0 club.
You shoot an arrow. The arrow hits the goblin!
You kill the goblin!
Robin attacks as they pursues you! Robin closely misses you.
Robin attacks as they pursues you!
Robin hits you from afar with a +5 trident of venom!
* * * LOW HITPOINT WARNING * * *
You are lethally poisoned!
* * * LOW HITPOINT WARNING * * *
You feel very sick.
You die...

#....... # #.......#
######[.......
.....#.........#
####...........# #
#####..###..# # ##.#
#.########...
#########.####..##......)#
.#..............@..#.g..#.
...# #####.........g.#)...
...######.........#.).).#
###
#.....##............###(#
##.. #......#...........##
# ###..#
##..........<......#
##(....
...##.##............
....>##
#####.##).............
.##### #.###...... ...


You could see Robin.

Vanquished Creatures
  2 scorpions (D:4)
  A hound (D:4)
  An iguana (D:4)
  7 gnolls (D:4)
  An adder (D:3)
  An ufetubus (D:3)
  3 dart slugs
  2 bats
  3 endoplasms (D:3)
  A giant cockroach (D:3)
  11 goblins
  8 hobgoblins
  5 kobolds
  A quokka (D:1)
  7 ball pythons
  3 frilled lizards
  6 rats
63 creatures vanquished.

Notes
Turn   | Place    | Note
-------+----------+-------------------------------------------
     0 | D:1      | Newt the Kobold Hunter began the quest for the Orb.
     0 | D:1      | Reached XP level 1. HP: 12/12 MP: 1/1
   175 | D:1      | Reached XP level 2. HP: 19/19 MP: 2/2
   484 | D:1      | Reached XP level 3. HP: 23/23 MP: 3/3
   858 | D:2      | Found Gyshite's Magic Scroll Shop.
   910 | D:2      | Bought a scroll of identify for 26 gold pieces
  1000 | D:2      | You fall into a shaft and drop 2 floors!
  1008 | D:4      | Noticed a scorpion
  1018 | D:4      | Killed a scorpion
  1019 | D:4      | Reached skill level 5 in Fighting
  1019 | D:4      | Reached XP level 4. HP: 19/31 MP: 4/4
  1021 | D:4      | Reached XP level 5. HP: 16/35 MP: 5/5
  1256 | D:4      | Reached skill level 6 in Ranged Weapons
  1420 | D:4      | Found a staircase to the Ecumenical Temple.
  1452 | Temple   | Entered the Ecumenical Temple
  1794 | D:4      | Reached skill level 7 in Ranged Weapons
  1794 | D:4      | Reached XP level 6. HP: 33/40 MP: 6/6
  1952 | D:4      | Reached skill level 8 in Ranged Weapons
  2323 | D:3      | Found an opulent altar of Gozag.
  2451 | D:3      | Identified the +0 helmet "Jedifaac" {Will+ Regen+ Int+3
                  | Slay+2}
  2451 | D:3      | Noticed Robin
  2465 | D:3      | HP: 2/40 [poisoned by Robin]
  2466 | D:3      | Succumbed to Robin's poison

Illustrated notes

Levels and vault maps discovered:
D:1:      dpeg_arrival_line_fractal, layout_loops_ring, minivault_11,
          chequers_serial_rivers_small_a, chequers_serial_rivers_marsh
D:2:      layout_basic, basic_altar, serial_shops, shop
D:3:      layout_rooms, amcnicky_altar_gilded, uniq_robin
D:4:      layout_loops_ring, general_overflow_altar, minmay_temple_entry_trees
Temple:   nicolae_temple_superstar

Skill      XL: |  1  2  3  4  5  6 |
---------------+-------------------+-----
Fighting       | 3 5 |  5.0
Ranged Weapons | 7 8 |  8.3
Dodging        | |  2.4
Stealth        | |  1.3

Action                     |  1- 3 |  4- 6 || total
---------------------------+-------+-------++-------
   Fire: Shortbow          |    83 |   113 ||   196
    Use: Scroll            |     5 |     3 ||     8
         Potion            |       |     1 ||     1
 Armour: Leather armour    |    20 |    36 ||    56
  Dodge: Dodged            |    36 |    64 ||   100

Table legend: (Time is in decaauts)
 A = Elapsed time spent in this place.
 B = Non-inter-level travel time spent in this place.
 C = Inter-level travel time spent in this place.
 D = Time resting spent in this place.
 E = Time spent auto-exploring this place.
 F = Levels seen in this place.
 G = Mean time per level.
                   A        B        C        D        E       F      G
               +--------+--------+--------+--------+--------+-----+--------+
         Total |   2496 |   2430 |     66 |    600 |   1486 |   5 |  499.2 |
       Dungeon |   2198 |   2133 |     65 |    304 |   1486 |   4 |  549.5 |
        Temple |    297 |    296 |      1 |    296 |      0 |   1 |  297.0 |
               +--------+--------+--------+--------+--------+-----+--------+

Top non-repeatable levels by time:
     D:1: 866 daAuts
     D:4: 765 daAuts
     D:3: 413 daAuts
  Temple: 297 daAuts
     D:2: 152 daAuts
